 Dungeon Crawl Stone Soup version 0.25-a0-184-gcd15a05269 (webtiles) character file.

Game seed: 13556880462654571146, levelgen mode: deterministic

299 Jindul the Sneak (level 6, -1/47 HPs)
             Began as a Demonspawn Assassin on Nov 27, 2019.
             Was a Follower of Okawaru.
             Slain by an orc wizard
             ... wielding a +0 dagger
              (4 damage)
             ... on level 3 of the Dungeon.
             The game lasted 00:15:49 (3327 turns).

Jindul the Sneak (Demonspawn Assassin)              Turns: 3327, Time: 00:15:49

Health: -1/47      AC:  6    Str: 12    XL:     6   Next: 13%
Magic:  0/6        EV: 13    Int: 13    God:    Okawaru [*.....]
Gold:   146        SH:  0    Dex: 15    Spells: 5/5 levels left

rFire    . . .     SeeInvis .   a - +2 dagger
rCold    . . .     Gourm    .   (no shield)
rNeg     . . .     Faith    .   b - +0 robe
rPois    .         Spirit   +   (no helmet)
rElec    .         Reflect  .   c - +0 cloak
rCorr    .         Harm     .   n - +0 pair of gloves
MR       .....                  (no boots)
Stlth    +++.......             (no amulet)
HPRegen  0.15/turn              (no ring)
MPRegen  0.10/turn              (no ring)

@: slowed, very slow
A: hooves 1, icy blue scales 1, powered by pain 1, magic shield
a: Heroism, Renounce Religion


You were on level 3 of the Dungeon.
You worshipped Okawaru.
Okawaru was aware of your devotion.
You were not hungry.

You visited 1 branch of the dungeon, and saw 3 of its levels.

You collected 146 gold pieces.

Inventory:

Hand Weapons
 a - a +2 dagger (weapon)
Missiles
 d - 35 poisoned darts (quivered)
 e - a curare-tipped dart
Armour
 b - a +0 robe (worn)
 c - a +0 cloak (worn)
 l - a +0 pair of gloves
 n - a +0 pair of gloves (worn)
 o - a +0 large shield
Scrolls
 j - 2 scrolls of remove curse {unknown}
 k - a scroll of noise {unknown}
 m - a scroll of teleportation {unknown}
 r - 3 scrolls of magic mapping {unknown}
Potions
 g - a potion of haste
 h - a potion of degeneration {unknown}
 i - 2 potions of heal wounds {unknown}
 p - a potion of invisibility {unknown}
 q - a potion of curing {unknown}
Comestibles
 f - 10 rations
 s - 9 chunks of flesh


   Skills:
 + Level 3.1 Fighting
 - Level 3.4 Short Blades
 + Level 1.8 Throwing
 + Level 2.5 Dodging
 + Level 5.1 Stealth


You had 5 spell levels left.
You didn't know any spells.
Your spell library was empty.

Dungeon Overview and Level Annotations

Branches:
Dungeon (3/15)

Altars:
Okawaru
Qazlal
Ru
Trog


Innate Abilities, Weirdness & Mutations

You have large cloven feet.
You are partially covered in icy blue scales. (AC +2)
You sometimes gain a little power by taking damage.
When hurt, damage is shared between your health and your magic reserves.


Message History

The orc wizard points at you and mumbles some strange words.
You resist with some effort. The orc wizard completely misses you.
You closely miss the orc wizard.
The orc wizard is severely wounded.
The orc wizard hits you but does no damage.
The orc wizard hits you with a +0 dagger.
You hit the orc wizard but do no damage.
You kick the orc wizard, but do no damage.
The orc wizard is severely wounded.
The orc wizard misses you.
The orc wizard hits you but does no damage.
You hit the orc wizard.
The orc wizard is almost dead.
The orc wizard casts a spell at you. The magic dart hits you!
* * * LOW HITPOINT WARNING * * *
You hit the orc wizard but do no damage.
The orc wizard is almost dead.
The orc wizard hits you with a +0 dagger.
You die...

#........####........
#........# #........
#........# #........
#........# #.###.#.#
#........# #.# #.#.#
#.......)####.# #.#.#
#.........(...# #.#.#
############)#########.#.#
.........@o)).#......#.#.#
.###########..#.####.#.#.#
#..#.#..#.#.#..
#..#...†..#.###
#o.##'#####'### ...#...#
#...## ....#...# #...##
<....#...# #...##
......#...# #...#.


You could see an orc wizard.

Vanquished Creatures
  An ogre (D:3)
  A hound (D:3)
  3 orc priests (D:3)
  A gnoll (D:1)
  An ooze (D:2)
  3 leopard geckos (D:3)
  15 orcs (D:3)
  2 giant cockroaches (D:2)
  5 goblins
  8 hobgoblins
  8 jackals
  7 bats
  2 frilled lizards
  4 kobolds
  11 rats
72 creatures vanquished.

Notes
Turn   | Place    | Note
-------+----------+-------------------------------------------
     0 | D:1      | Jindul the Demonspawn Assassin began the quest for the Orb.
     0 | D:1      | Reached XP level 1. HP: 16/16 MP: 1/1
    66 | D:1      | Reached skill level 4 in Stealth
   339 | D:1      | Gained mutation: When hurt, damage is shared between your
                  | health and your magic reserves. [demonic ancestry]
   339 | D:1      | Reached XP level 2. HP: 8/22 MP: 2/2
   500 | D:1      | Found an iron altar of Okawaru.
   518 | D:1      | Became a worshipper of Warmaster Okawaru
   944 | D:1      | Gained mutation: You sometimes gain a little power by
                  | taking damage. [demonic ancestry]
   944 | D:1      | Reached XP level 3. HP: 27/27 MP: 3/3
  1099 | D:2      | Reached skill level 1 in Dodging
  1627 | D:2      | Found a stormy altar of Qazlal.
  1779 | D:3      | Gained mutation: You are partially covered in icy blue
                  | scales. (AC +2) [demonic ancestry]
  1779 | D:3      | Reached XP level 4. HP: 14/34 MP: 2/4
  2034 | D:3      | Found a bloodstained altar of Trog.
  2684 | D:3      | Gained mutation: You have large cloven feet. [demonic
                  | ancestry]
  2684 | D:3      | Reached XP level 5. HP: 36/39 MP: 5/5
  2950 | D:3      | Noticed an ogre
  2973 | D:3      | Killed an ogre
  2973 | D:3      | Reached * piety under Okawaru
  2973 | D:3      | Reached skill level 5 in Stealth
  3155 | D:3      | Found a sacrificial altar of Ru.
  3239 | D:3      | Reached XP level 6. HP: 19/47 MP: 6/6
  3327 | D:3      | Slain by an orc wizard

Levels and vault maps discovered:
D:1:      dpeg_arrival_stone_temple_mockup, layout_rooms,
          okawaru_ov_weapons_minmay
D:2:      layout_basic, nicolae_qazlal_general_emergency
D:3:      layout_basic, hangedman_ru_absence, old_standard_altar, nrook_uturn

Skill      XL: |  1  2  3  4  5 |
---------------+----------------+-----
Stealth        | 4 5 |  5.1
Short Blades   | 2 3 |  3.4
Dodging        | 1 2 |  2.5
Fighting       | 3 |  3.1
Throwing       | |  1.8

Action                   |  1- 3 |  4- 6 || total
-------------------------+-------+-------++-------
Melee: Dagger            |   118 |   154 ||   272
       Kick              |       |    15 ||    15
Throw: Dart              |     1 |     2 ||     3
Invok: Heroism           |       |     1 ||     1
  Use: Potion            |       |     1 ||     1
 Stab: Sleeping          |    13 |     4 ||    17
  Eat: Chunk             |     2 |     6 ||     8
Armor: Robe              |    36 |    31 ||    67
Dodge: Dodged            |    65 |    71 ||   136

Table legend:
 A = Non-vault XP
 B = Vault XP
 C = Vault XP percentage of total XP
 D = Non-vault monster count
 E = Vault monster count
 F = Vault count percentage of total count
                 A         B        C        D         E       F
            +---------+---------+-------+---------+---------+-------
      Total |     428 |       0 |   0.0 |      72 |       0 |   0.0
            +---------+---------+-------+---------+---------+-------
        D:1 |      41 |       0 |   0.0 |      17 |       0 |   0.0
        D:2 |      37 |       0 |   0.0 |      20 |       0 |   0.0
        D:3 |     350 |       0 |   0.0 |      35 |       0 |   0.0
            +---------+---------+-------+---------+---------+-------
